Map: Odyssey LE

Players

saixy - Winner!

  • Race: Terran Terran
  • League: Master
  • Spawn Location: 11:00

Ikaruga

  • Race: Terran Terran
  • League: Master
  • Spawn Location: 5:00

VOD

Have the link to the VOD?

Description

Time

  • Played on: July 2, 2017, 1:42 p.m.
  • Length: 9:29
Show
View Real Time Build Order
Export as new Build Order

saixy Terran - Winner!

Build Orders: 1/1/1, Cyclone Opening, MMM Bio 

Get SALT Encoding   

  12  0:01  SCV  
  13  0:13  SCV  
  14  0:17  Supply Depot  
  14  0:25  SCV  
  15  0:29  Refinery  
  15  0:38  SCV  
  16  0:45  Barracks  
  16  0:50  SCV  
  17  0:57  Refinery  
  17  1:03  SCV  
  18  1:15  SCV  
  20  1:33  Orbital Command  
  20  1:34  Reaper  
  20  1:36  Factory  
  20  1:47  Supply Depot  
  20  1:58  SCV  
  21  2:06  Reaper  
  22  2:10  SCV  
  23  2:20  Starport  
  23  2:22  Hellion, SCV  
  25  2:27  Supply Depot  
  26  2:40  Barracks Tech Lab  
  26  2:41  SCV  
  27  2:44  Cyclone  
  30  2:52  Supply Depot  
  30  2:54  SCV  
  31  3:06  SCV  
  31  3:07  Raven  
  34  3:14  Barracks Reactor  
  34  3:18  SCV  
  35  3:22  Factory Tech Lab  
  35  3:30  Command Center  
  35  3:33  SCV  
  36  3:45  SCV  
  37  3:50  Viking  
  37  3:53  Cyclone  
  37  3:55  Marine  
  43  3:57  SCV  
  44  4:10  Marine, SCV  
  44  4:12  Marine  
  44  4:17  Barracks  
  46  4:22  SCV  
  47  4:39  Supply Depot  
  47  4:42  Marine x2, Orbital Command, SCV, Raven  
  52  4:53  Refinery  
  52  4:54  Refinery, SCV  
  53  5:00  Marine, Siege Tank  
  53  5:06  SCV  
  58  5:07  Barracks Reactor  
  58  5:10  SCV  
  59  5:18  SCV  
  60  5:22  SCV  
  60  5:26  Supply Depot  
  61  5:30  Viking, SCV  
  61  5:31  Viking  
  61  5:35  Marine, Stimpack  
  66  5:41  SCV  
  68  5:43  SCV  
  68  5:46  Supply Depot  
  69  5:53  Marine x2, SCV  
  69  5:54  Siege Tank  
  69  5:55  SCV  
  60  6:26  Marine  
  60  6:27  Marine x2, Viking  
  60  6:28  Viking, SCV  
  60  6:29  SCV  
  60  6:32  Command Center  
  69  6:35  Engineering Bay  
  69  6:36  Engineering Bay  
  69  6:40  Siege Tank  
  69  6:42  SCV  
  69  6:44  Marine  
  74  6:47  SCV  
  74  6:49  Marine  
  74  6:50  Marine  
  77  6:54  Barracks, SCV  
  77  6:59  SCV  
  79  7:02  Terran Infantry Weapons Level 1  
  79  7:03  Terran Infantry Armor Level 1  
  79  7:06  Viking  
  81  7:11  Viking  
  81  7:13  SCV  
  81  7:14  SCV  
  85  7:19  Marine  
  85  7:20  Marine  
  87  7:25  SCV  
  87  7:26  Supply Depot  
  87  7:27  Siege Tank  
  91  7:36  SCV, Viking, Combat Shields  
  94  7:41  Barracks Reactor  
  94  7:43  Marine x3, Viking  
  95  8:06  Marine x3  
  95  8:07  Siege Tank  
  95  8:08  SCV  
  95  8:09  Orbital Command  
  95  8:10  SCV  
  100  8:16  Medivac x2  
  104  8:20  Supply Depot, SCV  
  104  8:23  Barracks  
  104  8:24  Marine, Barracks  
  104  8:25  Armory  
  106  8:27  Marine x2  
  108  8:36  Marine x2  
  108  8:38  SCV x2  
  112  8:54  Marine x4  
  112  8:55  Medivac x2, Siege Tank  
  119  8:57  SCV x2  
  119  9:00  Supply Depot x2  
  119  9:02  Supply Depot  
  125  9:11  Barracks Reactor  
  125  9:12  Barracks Reactor  
  125  9:14  Supply Depot  
  125  9:16  Supply Depot  
  125  9:21  Refinery  
  125  9:22  Refinery  
Show
View Real Time Build Order
Export as new Build Order

Ikaruga Terran 

Build Orders: 1/1/1, Cyclone Opening 

Get SALT Encoding   

  12  0:01  SCV  
  13  0:13  SCV  
  14  0:18  Supply Depot  
  14  0:25  SCV  
  15  0:39  SCV, Refinery  
  16  0:44  Barracks  
  16  0:52  SCV  
  17  1:03  Refinery  
  17  1:04  SCV  
  18  1:16  SCV  
  19  1:28  SCV  
  20  1:36  Factory  
  20  1:42  Orbital Command  
  20  1:44  Reaper  
  21  2:08  Supply Depot, SCV  
  22  2:17  Reaper  
  23  2:22  Starport  
  26  2:30  Hellion, SCV  
  26  2:34  Supply Depot  
  26  2:42  SCV  
  27  2:49  Barracks Tech Lab  
  27  2:51  Cyclone  
  30  2:54  SCV  
  31  3:06  SCV  
  32  3:12  Raven  
  32  3:16  Command Center  
  32  3:19  SCV  
  35  3:21  Barracks Reactor  
  35  3:24  Factory Tech Lab  
  35  3:31  Supply Depot  
  35  3:32  SCV  
  36  3:44  SCV  
  36  3:48  Hellion  
  39  3:55  Viking  
  37  4:11  Marine x2  
  37  4:12  Siege Tank  
  42  4:17  SCV  
  42  4:21  Supply Depot  
  43  4:25  Viking  
  43  4:28  Marine  
  43  4:29  Marine, SCV  
  48  4:44  Siege Tank  
  51  4:48  SCV  
  51  4:49  Orbital Command, Marine x2  
  54  4:58  Viking  
  56  5:00  SCV  
  57  5:12  SCV  
  58  5:20  SCV  
  59  5:23  Refinery  
  59  5:24  Refinery, SCV  
  59  5:26  Hellion x2  
  59  5:27  Supply Depot  
  64  5:32  Raven, SCV  
  67  5:36  SCV  
  68  5:43  Supply Depot  
  68  5:44  SCV  
  68  5:48  SCV  
  68  5:49  Hellion x2  
  74  5:52  Supply Depot  
  74  5:56  SCV  
  74  6:00  SCV  
  75  6:08  SCV  
  64  6:12  SCV  
  57  6:28  Hellion x2  
  57  6:29  Viking  
  57  6:32  SCV  
  64  6:33  SCV  
  64  6:36  Command Center  
  65  6:44  SCV  
  65  6:45  SCV  
  65  6:46  Factory  
  67  6:49  Armory  
  67  6:51  Hellion x2  
  71  6:56  Supply Depot, SCV  
  71  6:58  SCV  
  73  7:08  Starport Reactor  
  73  7:09  SCV  
  73  7:10  SCV  
  73  7:12  Supply Depot  
  73  7:13  Supply Depot  
  73  7:14  Hellion  
  73  7:15  Hellion  
  79  7:21  SCV  
  79  7:22  SCV  
  81  7:25  Engineering Bay  
  81  7:32  Siege Tank  
  81  7:33  SCV  
  81  7:35  SCV  
  81  7:36  Hellion  
  90  7:37  Hellion  
  90  7:42  Supply Depot  
  90  7:44  Viking  
  90  7:45  Viking, SCV  
Tags
 
Add a new tag
Caveats
  • Supply blocks, unpowered buildings, or Contaminate may cause inaccurate times.
  • Supply counts are checked every 10 seconds.